 Dungeon Crawl Stone Soup version 0.19.0-11-g3fc08b3 (webtiles) character file.

63 dracos369 the Chopper (level 4, -1/35 HPs)
             Began as a Formicid Chaos Knight on Nov 10, 2016.
             Slain by a gnoll
             ... wielding a +0 spear
              (9 damage)
             ... on level 2 of the Dungeon.
             The game lasted 00:03:29 (1245 turns).

dracos369 the Chopper (Formicid Chaos Knight)       Turns: 1245, Time: 00:03:30

Health: -1/35      AC:  6    Str: 17    XL:     4   Next: 31%
Magic:  4/4        EV: 11    Int: 12    God:    Xom [..*...]
Gold:   55         SH:  0    Dex: 10    Spells: 0 memorised, 3 levels left

rFire  . . .     SeeInvis +     a - +0 hand axe (chaos)
rCold  . . .     Gourm    .     b - +2 leather armour
rNeg   . . .     Faith    .     (no shield)
rPois  .         Spirit   .     (helmet unavailable)
rElec  .         Reflect  .     (no cloak)
rCorr  .         Harm     .     h - +0 pair of gloves
MR     .....                    (no boots)
Stlth  +.........               (no amulet)
                                (no ring)
                                (no ring)

@: no status effects
A: permanent stasis, dig shafts and tunnels, four strong arms, antennae 3
a: Dig, Shaft Self, Renounce Religion


You were on level 2 of the Dungeon.
You worshipped Xom.
You were a toy of Xom.
You were not hungry.

You visited 1 branch of the dungeon, and saw 2 of its levels.

You collected 55 gold pieces.

Inventory:

Hand Weapons
 a - a +0 hand axe of chaos (weapon)
Armour
 b - a +2 leather armour (worn)
 h - a +0 pair of gloves (worn)
Jewellery
 g - a cursed ring of loudness {unknown}
 n - an uncursed ring of protection from magic {unknown}
Scrolls
 d - a scroll of magic mapping {unknown}
 e - a scroll of teleportation {unknown}
 j - 3 scrolls of identify {unknown}
 l - 2 scrolls of remove curse {unknown}
 o - a scroll of enchant armour {unknown}
Potions
 f - a potion of berserk rage {unknown}
 i - a potion of resistance {unknown}
 m - a potion of curing {unknown}
Comestibles
 c - 5 bread rations


   Skills:
 - Level 3.4 Fighting
 + Level 4.8 Axes
 - Level 2.1 Armour
 - Level 0.8 Dodging


You had 3 spell levels left.
You didn't know any spells.

Dungeon Overview and Level Annotations

Branches:
Dungeon (2/15)

Altars:
Dithmenos
Trog


Innate Abilities, Weirdness & Mutations

You are under a permanent stasis effect.
You can dig through walls and to a lower floor.
Your four strong arms can wield two-handed weapons with a shield.
You have a pair of large antennae on your head. (SInv)


Message History

You hit the gnoll.
The gnoll is moderately wounded.
You barely miss the gnoll. You hit the gnoll.
There is a sudden explosion of sparks!
You kill the gnoll!
You have reached level 4!
You feel clever. The gnoll hits you with a halberd! The gnoll hits you.
The gnoll hits you but does no damage.
You closely miss the gnoll.
The gnoll is moderately wounded.
You hit the gnoll.
You kill the gnoll!
The gnoll hits you with a halberd.
* * * LOW HITPOINT WARNING * * *
The gnoll closely misses you.
You closely miss the gnoll.
The gnoll is moderately wounded.
The gnoll hits you from afar with a spear!
You die...

#.#.#.####### . ##.## .###
#...# ... #...# ###
###.###### #...####..
#.(......# #......... .
#........# #####...####..
#..#.#.....[##..............
#.........@gg..............
..#.#......)#..............
#.....>...####.#....####.
#.###..##.# #.#......... #.
#..##.# #.#....##### #
#.###.# #.#....# ...###.##
#.#....# #........###......#
..............#.###


You could see 2 gnolls.

Vanquished Creatures
  2 gnolls (D:2)
  An ooze (D:2)
  3 worms (D:2)
  2 dart slugs (D:1)
  4 giant cockroaches (D:2)
  3 goblins
  4 hobgoblins (D:1)
  2 bats
  3 frilled lizards
  4 kobolds (D:1)
28 creatures vanquished.

Notes
Turn   | Place    | Note
-------+----------+-------------------------------------------
     0 | D:1      | dracos369 the Formicid Chaos Knight began the quest for the Orb.
     0 | D:1      | Reached XP level 1. HP: 18/18 MP: 1/1
   245 | D:1      | XOM: smoke on damage
   367 | D:1      | Reached XP level 2. HP: 17/24 MP: 2/2
   706 | D:2      | Reached XP level 3. HP: 27/29 MP: 3/3
   764 | D:2      | Reached skill level 4 in Axes
   835 | D:2      | Found a shadowy altar of Dithmenos.
   918 | D:2      | Found a bloodstained altar of Trog.
  1243 | D:2      | Reached XP level 4. HP: 27/35 MP: 4/4
  1245 | D:2      | Slain by a gnoll

Skill      XL: |  1  2  3 |
---------------+----------+-----
Axes           | 4 |  4.8
Fighting       | |  3.4
Armour         | |  2.1
Dodging        | |  0.8

Action                   |  1- 3 |  4- 6 || total
-------------------------+-------+-------++-------
Melee: Hand axe          |   101 |     2 ||   103
 Abil: Dig               |     2 |       ||     2
 Stab: Confused          |     1 |       ||     1
  Eat: Chunk             |     1 |       ||     1
Armor: Leather armour    |    36 |     1 ||    37
Dodge: Dodged            |    58 |     1 ||    59
